 Dungeon Crawl Stone Soup version 0.31.0-11-ge490571c62 (webtiles) character file.

Game seed: 14189085298867241420

18 Gadfly the Ruffian (level 2, 0/21 HPs)
             Began as a Demonspawn Shapeshifter on Jan 27, 2024.
             Slain by a ribbon worm (6 damage)
             ... on level 2 of the Dungeon.
             The game lasted 00:01:53 (816 turns).

Gadfly the Ruffian (Demonspawn Shapeshifter)         Turns: 816, Time: 00:01:53

Health: 0/21       AC:  2    Str: 14    XL:     2   Next: 51%
Magic:  2/2        EV: 12    Int: 10    God:
Gold:   33         SH:  4    Dex: 12    Spells: 1/1 levels left

rFire   . .          .
                       - Unarmed
rCold   . . .        (no shield)
rNeg    + . .        a - +0 animal skin
rPois   .            (helmet currently unavailable)
rElec   .            (cloak currently unavailable)
rCorr   .            (gloves currently unavailable)
SInv    .            (boots currently unavailable)
Will    .....        (no amulet)
Stlth   +            e - ring of positive energy
HPRegen 0.23/turn    (no ring)
MPRegen 0.08/turn

%: no passive effects
@: beast-form
A: beast (slay +1), large bone plates 1
a: Begin Untransformation


You were on level 2 of the Dungeon.
You were a hulking beast.
You visited 1 branch of the dungeon, and saw 2 of its levels.

You collected 56 gold pieces.
You spent 23 gold pieces at shops.

Inventory:

Hand Weapons
 g - a +1 short sword of holy wrath
Armour
 a - a +0 animal skin (worn)
Jewellery
 e - a ring of positive energy (left hand)
Talismans
 c - a beast talisman
 d - a flux talisman
 l - a blade talisman
Potions
 b - a potion of lignification
 f - a potion of cancellation
 h - a potion of haste
 i - a potion of invisibility {unknown}
 m - a potion of ambrosia


   Skills:
 + Level 1.4 Fighting
 * Level 2.1 Dodging
 + Level 2.8 Unarmed Combat
 * Level 1.0 Evocations
 + Level 2.7 Shapeshifting


You had one spell level left.
You didn't know any spells.
Your spell library contained the following spells:

 Spells                   Type           Power      Damage    Failure   Level
 Kiss of Death            Conj/Necr      0%         2d5       36%         1
 Confusing Touch          Hex            0%         N/A       75%         3
 Inner Flame              Hex/Fire       0%         N/A       75%         3
 Dispel Undead            Necr           0%         3d6       98%         4
 Flame Wave               Conj/Fire      0%         2d4       98%         4
 Sticky Flame             Fire/Alch      0%         2d4       98%         4


Dungeon Overview and Level Annotations

Branches:
Dungeon (2/15)

Altars:

Shops:
D:1 *


Innate Abilities, Weirdness & Mutations

You are a hulking beast.
Your limbs bulge with bestial killing power. (Slay +1)
You are partially covered in large bone plates. (SH +4)


Message History

You are caught in a web!
You are caught in a web!
You are caught in a web!
You are caught in a web!
The web tears apart.
The ribbon worm barely misses you.
You hit the ribbon worm.
The ribbon worm is moderately wounded.
You barely miss the ribbon worm.
The ribbon worm is moderately wounded.
The ribbon worm expels a string of sticky webbing.
The stream of webbing hits you but does no damage.
You are caught in a web!
The web tears apart.
The ribbon worm bites you but does no damage.
You barely miss the ribbon worm.
The ribbon worm is lightly wounded.
The ribbon worm bites you but does no damage.
You hit the ribbon worm.
The ribbon worm is moderately wounded.
You barely miss the ribbon worm.
The ribbon worm is moderately wounded.
You block the ribbon worm's attack.
You hit the ribbon worm.
The ribbon worm is moderately wounded.
The ribbon worm bites you!
You hit the ribbon worm.
The ribbon worm is heavily wounded.
The ribbon worm expels a string of sticky webbing.
The stream of webbing hits you but does no damage.
You are caught in a web!
You struggle to detach yourself from the web.
The web tears apart.
The ribbon worm bites you.
* * * LOW HITPOINT WARNING * * *
You barely miss the ribbon worm.
The ribbon worm is moderately wounded.
The ribbon worm barely misses you.
You completely miss the ribbon worm.
The ribbon worm is moderately wounded.
The ribbon worm bites you.
You die...

#.###.#.##.# ### #.#
###..... ..# #.#
####.# #.# #.# #.# #.#
#.#### #.# #.# #....#
#.# # #B# ####.# #.#
#.####w#####...#####.#
#....h...............#
####.....###..........
.............#########
####.....###.# ##...##
#.# ##.## #.# ...# #.#
##### #.# #.#


You could see a ribbon worm (catching breath) and a giant cockroach.

Vanquished Creatures
  A ball python (D:1)
  5 endoplasms
  A giant cockroach (D:1)
  2 quokkas (D:1)
  3 bats
  A frilled lizard (D:1)
  3 kobolds
16 creatures vanquished.

Notes
Turn   | Place    | Note
-------+----------+-------------------------------------------
     0 | D:1      | Gadfly the Demonspawn Shapeshifter began the quest for the
                  | Orb.
     0 | D:1      | Reached XP level 1. HP: 15/15 MP: 1/1
    40 | D:1      | Found Zouhuga's Assorted Antiques.
   180 | D:1      | Gained mutation: You are partially covered in large bone
                  | plates. (SH +4) [demonic ancestry]
   180 | D:1      | Reached XP level 2. HP: 18/21 MP: 2/2
   685 | D:1      | Bought a yellow potion for 23 gold pieces
   792 | D:2      | Reached skill level 1 in Evocations
   816 | D:2      | Slain by a ribbon worm

Illustrated notes

Levels and vault maps discovered:
D:1:      dpeg_arrival_houses_and_road, layout_rooms, serial_shops, shop
D:2:      layout_loops_ring, uniq_jessica, uniq_natasha, uniq_sigmund

Skill      XL: |  1  2 |
---------------+-------+-----
Dodging        | 2 |  2.1
Evocations     | 1 |  1.0
Fighting       | |  1.4
Unarmed Combat | |  2.8
Shapeshifting  | |  2.7

Action                     || total
---------------------------++-------
  Melee: Unarmed           ||    64
         Punch             ||     1
    Use: Scroll            ||     4
         Potion            ||     1
 Armour: Animal skin       ||    21
  Dodge: Dodged            ||    32
  Block: Other             ||     4
